 Dungeon Crawl Stone Soup version 0.19-a0-1120-g42b7146 (webtiles) character file.

128 GrinningWolves the Skirmisher (level 4, 0/41 HPs)
             Began as a Minotaur Fighter on Aug 11, 2016.
             Slain by an orc
             ... wielding a +0 dagger
              (3 damage)
             ... on level 3 of the Dungeon.
             The game lasted 00:14:41 (3919 turns).

GrinningWolves the Skirmisher (Minotaur Fighter)    Turns: 3919, Time: 00:14:41

Health: 0/41       AC:  5    Str: 22    XL:     4   Next: 87%
Magic:  3/3        EV:  9    Int: 10    God:
Gold:   98         SH:  9    Dex:  9    Spells: 0 memorised, 3 levels left

rFire  . . .     SeeInvis .     a - +1 war axe
rCold  + . .     Gourm    .     e - +0 ring mail
rNeg   . . .     Faith    .     c - +0 shield
rPois  .         Spirit   .     (helmet restricted)
rElec  .         Dismiss  .     (no cloak)
rCorr  .         Reflect  .     (no gloves)
SustAt .         Harm     +     (no boots)
MR     +....                    l - amulet of harm
Stlth  ..........               (no ring)
                                (no ring)

@: brilliant, lethally poisoned (0 -> -11)
A: retaliatory headbutt, horns 2, iridescent scales 1, blink, cold resistance 1,
deformed body, magic resistance 1, MP-powered wands
a: Blink


You were on level 3 of the Dungeon.
You were not hungry.

You visited 1 branch of the dungeon, and saw 3 of its levels.

You collected 98 gold pieces.

Inventory:

Hand Weapons
 a - a +1 war axe (weapon)
Missiles
 g - 3 large rocks
Armour
 b - a +0 scale mail
 c - a +0 shield (worn)
 e - a +0 ring mail (worn)
 i - a +3 ring mail
 m - a +0 ring mail
Jewellery
 l - an amulet of harm (around neck)
Potions
 d - a potion of might


   Skills:
 + Level 4.7 Fighting
 + Level 3.0 Axes
 + Level 4.4 Armour
 + Level 1.9 Dodging
 + Level 0.3 Stealth
 + Level 4.3 Shields


You had 3 spell levels left.
You didn't know any spells.

Dungeon Overview and Level Annotations

Branches:
Dungeon (3/15)

Altars:


Innate Abilities, Weirdness & Mutations

You reflexively headbutt those who attack you in melee.
You have a pair of horns on your head.
You are partially covered in iridescent scales. (AC +2)
You can translocate small distances at will.
Your flesh is cold resistant. (rC+)
Armour fits poorly on your strangely shaped body.
You are resistant to hostile enchantments. (MR+)
You expend magic power (3 MP) to strengthen your wands.


Message History

The magic dart hits you!
* * * LOW HITPOINT WARNING * * *
You hit the orc but do no damage.
The orc is moderately wounded.
You closely miss the orc. You closely miss something.
You closely miss the goblin.
You feel sick. You block something's attack.
The goblin hits you but does no damage.
You are lethally poisoned!
The orc closely misses you. You block the orc's attack.
You hear some strange, mumbled words.
A puff of flame appears from out of thin air!
The puff of flame hits you!
* * * LOW HITPOINT WARNING * * *
The goblin barely misses you.
You hit the orc.
The orc is heavily wounded.
You hit the orc. You hit something. You barely miss the goblin.
* * * LOW HITPOINT WARNING * * *
You feel sick. Something completely misses you. The orc hits you with a dagger.
You die...

.# #.# #
### .>
... ...
#.##...
#.##
.......
... .....
#.###..##
#.o.o...#
#.@o.#.##
#..g.# #
##.).#
#.###
...#
#####


You could see an orc priest, 2 orcs and a goblin.

Vanquished Creatures
  A crimson imp (D:2)
  Terence (D:2)
  An adder (D:2)
  An ooze (D:1)
  3 worms (D:2)
  3 dart slugs
  A giant gecko (D:2)
  An orc (D:3)
  3 giant cockroaches (D:1)
  5 goblins
  3 hobgoblins
  3 jackals (D:2)
  5 kobolds
  A quokka (D:2)
  6 bats
  2 giant newts
  A rat (D:1)
41 creatures vanquished.

Notes
Turn   | Place    | Note
-------+----------+-------------------------------------------
     0 | D:1      | GrinningWolves the Minotaur Fighter began the quest for the Orb.
     0 | D:1      | Reached XP level 1. HP: 19/19 MP: 0/0
  1133 | D:1      | Reached XP level 2. HP: 27/27 MP: 1/1
  2545 | D:1      | Reached XP level 3. HP: 33/33 MP: 2/2
  2699 | D:1      | Gained mutation: You are resistant to hostile enchantments. (MR+) [potion of mutation]
  2699 | D:1      | Gained mutation: Your flesh is cold resistant. (rC+) [potion of mutation]
  2699 | D:1      | Gained mutation: You can translocate small distances at will. [potion of mutation]
  2774 | D:2      | Gained mutation: You are partially covered in iridescent scales. (AC +2) [potion of mutation]
  2774 | D:2      | Gained mutation: You expend magic power (3 MP) to strengthen your wands. [potion of mutation]
  2774 | D:2      | Gained mutation: Armour fits poorly on your strangely shaped body. [potion of mutation]
  3164 | D:2      | Noticed Terence
  3168 | D:2      | Killed Terence
  3168 | D:2      | Reached skill level 1 in Dodging
  3168 | D:2      | Reached XP level 4. HP: 34/41 MP: 3/3
  3919 | D:3      | Slain by an orc

Vault maps used:
D:1:      dpeg_arrival_long_road, minmay_misc_feat_x, moated_statue
D:2:      serial_corexii_hall, corexii_hall_statues_deadend,
          corexii_hall_statues_u, uniq_terence
D:3:      ecumenical_altar_2, hex_medium, nicolae_ru_great_annihilating_truth,
          uniq_sigmund

Skill      XL: |  1  2  3  4 |
---------------+-------------+-----
Fighting       | 4 |  4.7
Armour         | 4 |  4.4
Shields        | 4 |  4.3
Dodging        | 1 |  1.9
Axes           | 3 |  3.0
Stealth        | |  0.3

Action                   |  1- 3 |  4- 6 || total
-------------------------+-------+-------++-------
Melee: War axe           |    67 |    21 ||    88
       Headbutt          |     8 |     9 ||    17
  Use: Scroll            |     4 |     3 ||     7
       Potion            |     2 |     1 ||     3
  Eat: Bread ration      |     1 |       ||     1
       Meat ration       |     1 |       ||     1
Armor: Ring mail         |    31 |     4 ||    35
Dodge: Dodged            |    32 |     8 ||    40
Block: Shield            |    41 |    14 ||    55
